 Dungeon Crawl Stone Soup version 0.31-a0-806-g0bc164a743 (webtiles) character file.

Game seed: 2463284090399245476

98 arthad the Digger (level 4, -14/24 HPs)
             Began as a Deep Elf Earth Elementalist on Sept 21, 2023.
             Killed by divine providence
             ... invoked by an orc priest
              (16 damage)
             ... on level 3 of the Dungeon.
             The game lasted 00:02:44 (1546 turns).

arthad the Digger (Deep Elf Earth Elementalist)     Turns: 1546, Time: 00:02:44

Health: -14/24     AC:  3    Str:  5    XL:     4   Next: 44%
Magic:  5/11       EV: 13    Int: 22    God:
Gold:   22         SH:  0    Dex: 15    Spells: 9/10 levels left

rFire   . . .        (no weapon)
rCold   . . .        (no shield)
rNeg    . . .        a - +0 robe
rPois   .            (no helmet)
rElec   .            j - +0 cloak
rCorr   .            (no gloves)
SInv    .            (no boots)
Will    .....        (no amulet)
Stlth   ++           (no ring)
HPRegen 0.24/turn    (no ring)
MPRegen 0.12/turn

%: no passive effects
@: no status effects
A: no striking features
a: no special abilities


You were on level 3 of the Dungeon.
You visited 1 branch of the dungeon, and saw 3 of its levels.

You collected 94 gold pieces.
You spent 72 gold pieces at shops.

Inventory:

Hand Weapons
 f - a +0 broad axe
 k - a +2 antimagic spear
 m - a +3 halberd
Missiles
 i - 5 silver javelins
Armour
 a - a +0 robe (worn)
 j - a +0 cloak (worn)
Scrolls
 g - a scroll of summoning {unknown}
 h - 2 scrolls of fear {unknown}
 l - a scroll of fog {unknown}
 n - 3 scrolls of teleportation
Potions
 b - a potion of magic
 c - a potion of degeneration {unknown}
 d - a potion of heal wounds {unknown}
 e - a potion of haste {unknown}


   Skills:
 + Level 3.3 Dodging
 + Level 3.4 Stealth
 + Level 3.9 Spellcasting
 + Level 2.2 Transmutations
 + Level 3.9 Earth Magic


You had 9 spell levels left.
You knew the following spells:

 Your Spells              Type           Power      Damage    Failure   Level
a - Sandblast             Erth           42%        2d11      2%          1

Your spell library contained the following spells:

 Spells                   Type           Power      Damage    Failure   Level
 Passwall                 Tmut/Erth      14%        N/A       4%          2
 Stone Arrow              Conj/Erth      26%        3d8       16%         3
 Petrify                  Tmut/Erth      17%        N/A       30%         4
 Brom's Barrelling Bould  Conj/Erth      13%        2d4       45%         4


Dungeon Overview and Level Annotations

Branches:
Dungeon (3/15)

Altars:
Okawaru

Shops:
D:2 *


Message History

Aim: an orc, wielding a +0 mace (83% to hit)
The blast of sand hits the orc!!
You kill the orc!
Aiming: Sandblast (safe; 2% risk of failure)
Press: ? - help, Q - select action, (/) - cycle Shift-Dir - straight line, f - hobgoblin
Aim: a hobgoblin (83% to hit)
The blast of sand misses the hobgoblin.
The orc priest looks braver for a moment.
Aiming: Sandblast (safe; 2% risk of failure)
Press: ? - help, Q - select action, (/) - cycle Shift-Dir - straight line, f/p - hobgoblin
Aim: a hobgoblin (83% to hit)
The blast of sand hits the hobgoblin!
You kill the hobgoblin!
Aiming: Sandblast (safe; 2% risk of failure)
Press: ? - help, Q - select action, (/) - cycle Shift-Dir - straight line, f - orc priest
Aim: an orc priest, wielding a +0 club and wearing a +0 ring mail (85% to hit)
The blast of sand hits the orc priest!
The orc priest is heavily wounded.
Aiming: Sandblast (safe; 2% risk of failure)
Press: ? - help, Q - select action, (/) - cycle Shift-Dir - straight line, f/p - orc priest
Aim: an orc priest, wielding a +0 club and wearing a +0 ring mail (heavily wounded, 85% to hit)
The blast of sand hits the orc priest.
The orc priest is severely wounded.
The orc priest invokes the aid of Beogh against you.
Beogh smites you!
* * * LOW HITPOINT WARNING * * *
Aiming: Sandblast (safe; 2% risk of failure)
Press: ? - help, Q - select action, (/) - cycle Shift-Dir - straight line, f/p - orc priest
Aim: an orc priest, wielding a +0 club and wearing a +0 ring mail (severely wounded, 85% to hit)
The blast of sand hits the orc priest but does no damage.
The orc priest is severely wounded.
Aiming: Sandblast (safe; 2% risk of failure)
Press: ? - help, Q - select action, (/) - cycle Shift-Dir - straight line, f/p - orc priest
Aim: an orc priest, wielding a +0 club and wearing a +0 ring mail (severely wounded, 85% to hit)
The blast of sand hits the orc priest but does no damage.
The orc priest is severely wounded.
The orc priest invokes the aid of Beogh against you.
Beogh smites you!
Ouch! That really hurt!
You die...

#.#
#.......#
#.#
#########
#o# #g#
#)# #†#
#.#
#o########
#@..^.....
##._^.####
#^^^##
#####


You could see an orc priest, an orc and a hobgoblin.

Vanquished Creatures
  3 gnolls (D:2)
  2 adders (D:2)
  A worm (D:2)
  A dart slug (D:2)
  3 orcs (D:3)
  5 bats
  2 endoplasms
  4 giant cockroaches
  3 goblins (D:1)
  3 hobgoblins
  3 jackals (D:1)
  3 kobolds
  3 quokkas (D:1)
  4 ball pythons
  A frilled lizard (D:1)
  3 rats (D:1)
44 creatures vanquished.

Notes
Turn   | Place    | Note
-------+----------+-------------------------------------------
     0 | D:1      | arthad the Deep Elf Earth Elementalist began the quest for
                  | the Orb.
     0 | D:1      | Reached XP level 1. HP: 10/10 MP: 6/6
   165 | D:1      | Reached XP level 2. HP: 15/15 MP: 5/8
   923 | D:2      | Reached XP level 3. HP: 19/19 MP: 7/9
  1125 | D:2      | Reached XP level 4. HP: 24/24 MP: 9/11
  1265 | D:2      | Found a transporter.
  1268 | D:2      | Found Agrotaeq's General Store.
  1271 | D:2      | Found a transporter.
  1276 | D:2      | Bought a scroll of teleportation for 36 gold pieces
  1276 | D:2      | Bought a scroll of teleportation for 36 gold pieces
  1283 | D:2      | Found an iron altar of Okawaru.
  1507 | D:3      | Found a faded altar of an unknown god.
  1544 | D:3      | HP: 1/24 [orc priest/divine providence (11)]
  1546 | D:3      | Killed from afar by an orc priest

Illustrated notes

Levels and vault maps discovered:
D:1:      lemuel_arrival_broad_hall, layout_loops_ring
D:2:      layout_rooms, basic_altar, serial_shops, nicolae_shop_drivethru
D:3:      layout_loops_ring, nemelex_diamond_rough_becter,
          ebering_ecumenical_altar_webs, uniq_jessica, uniq_ijyb, uniq_robin,
          uniq_terence

Skill      XL: |  1  2  3 |
---------------+----------+-----
Dodging        | 3 |  3.3
Stealth        | 3 |  3.4
Transmutations | 2 |  2.2
Spellcasting   | |  3.9
Earth Magic    | |  3.9

Action                     |  1- 3 |  4- 6 || total
---------------------------+-------+-------++-------
   Cast: Sandblast         |    45 |    17 ||    62
 Armour: Robe              |     4 |       ||     4
  Dodge: Dodged            |     8 |     1 ||     9

Table legend: (Time is in decaauts)
 A = Elapsed time spent in this place.
 B = Non-inter-level travel time spent in this place.
 C = Inter-level travel time spent in this place.
 D = Time resting spent in this place.
 E = Time spent auto-exploring this place.
 F = Levels seen in this place.
 G = Mean time per level.
                   A        B        C        D        E       F      G
               +--------+--------+--------+--------+--------+-----+--------+
         Total |   1575 |   1515 |     60 |      0 |   1262 |   3 |  525.0 |
       Dungeon |   1575 |   1515 |     60 |      0 |   1262 |   3 |  525.0 |
               +--------+--------+--------+--------+--------+-----+--------+

Top non-repeatable levels by time:
     D:1: 991 daAuts
     D:2: 541 daAuts
     D:3: 42 daAuts
